 Dungeon Crawl Stone Soup version 0.32-a0-928-g1cae6b7ea0 (webtiles) character file.

Game seed: 577731121219221146

162 Shayle the Apothecary (level 5, -5/38 HPs)
             Began as a Coglin Alchemist on Apr 13, 2024.
             Slain by Grinder (9 damage)
             ... while paralysed by Grinder
             ... on level 3 of the Dungeon.
             The game lasted 00:07:05 (2433 turns).

Shayle the Apothecary (Coglin Alchemist)            Turns: 2433, Time: 00:07:06

Health: -5/38      AC:  2    Str:  9    XL:     5   Next: 43%
Magic:  8/8        EV:  2    Int: 16    God:
Gold:   141        SH:  0    Dex: 14    Spells: 5/9 levels left

rFire   . . .        c - +0 hand axe {Mei}
rCold   . . .        h - +1 whip (elec) {Kammani}
rNeg    . . .        a - +0 robe
rPois   .            (no helmet)
rElec   .            (no cloak)
rCorr   .            (no gloves)
SInv    .            (no boots)
Will    .....        (amulet unavailable)
Stlth   ++           (ring unavailable)
HPRegen 0.26/turn    (ring unavailable)
MPRegen 0.11/turn    (no gizmo)

%: no passive effects
@: paralysed, revving
A: off-hand wielding, slow wielding, warmup strikes, no jewellery
a: Invent Gizmo


You were on level 3 of the Dungeon.
You visited 1 branch of the dungeon, and saw 3 of its levels.

You collected 141 gold pieces.

Inventory:

Hand Weapons
 c - a +0 hand axe (weapon) {Mei}
 d - a +0 mace {Isabel}
 g - a +0 sling
 h - a +1 whip of electrocution (offhand) {Kammani}
Armour
 a - a +0 robe (worn)
Scrolls
 f - 2 scrolls of enchant armour {unknown}
 i - a scroll of poison
 j - a scroll of revelation {unknown}
 l - a scroll of silence {unknown}
 n - a scroll of vulnerability {unknown}
Potions
 b - a potion of magic
 k - a potion of brilliance
 m - 4 potions of haste


   Skills:
 + Level 2.0 Fighting
 + Level 2.7 Dodging
 - Level 1.5 Stealth
 + Level 2.5 Spellcasting
 + Level 2.1 Conjurations
 + Level 4.1 Alchemy


You had 5 spell levels left.
You knew the following spells:

 Your Spells              Type           Power      Damage    Failure   Level
a - Sting                 Conj/Alch      48%        1d6       5%          1
b - Mephitic Cloud        Conj/Alch/Air  8%         N/A       26%         3

Your spell library contained the following spells:

 Spells                   Type           Power      Damage    Failure   Level
 Mercury Vapours          Alch/Air       16%        N/A       13%         2
 Olgreb's Toxic Radiance  Alch           15%        N/A       34%         4
 Sticky Flame             Fire/Alch      8%         2d4       63%         4


Dungeon Overview and Level Annotations

Branches:
Dungeon (3/15)

Altars:

Shops:
D:2 [((((

Annotations:
D:3 Grinder


Innate Abilities, Weirdness & Mutations

You can wield a second weapon in your off-hand.
It takes a long time for you to wield or remove held weapons.
Your first few attacks do less damage.
You cannot equip rings or amulets.


Message History

You see here a giant cockroach corpse.
You start resting.
HP restored.
There is a stone staircase leading down here.
You climb downwards.
Level annotation: Grinder
There is a stone staircase leading up here.
You closely miss Grinder with your +1 whip of electrocution.
You hit Grinder with your +0 hand axe. Grinder hits you!
You writhe in agony.
You hit Grinder but do no damage.
Grinder is lightly wounded.
You closely miss Grinder with your +1 whip of electrocution.
Grinder barely misses you. Grinder gestures at you.
You suddenly lose the ability to move!
Grinder says, "Make like a tree!"
Grinder hits you. Grinder hits you.
You writhe in agony.
Grinder hits you but does no damage.
You can move again.
Unknown command.
You hit Grinder but do no damage.
Grinder is lightly wounded.
You hit Grinder with your +1 whip of electrocution.
Grinder closely misses you.
Okay, then.
The air fills with toxic fumes!
As you read the scroll labelled BUMUAKK ESEK, it crumbles to dust.
It was a scroll of poison.
Grinder barely misses you.
You hit Grinder but do no damage.
Grinder is lightly wounded.
You hit Grinder but do no damage. Grinder gestures at you.
You suddenly lose the ability to move!
Grinder gestures at you. Pain shoots through your body!
* * * LOW HITPOINT WARNING * * *
Grinder hits you!
You die...
Grinder says, "Now the real fun starts!"

#.# #...# #)# #§§§#
#)# #§§§# ##.## #§§§#
#
#...#######§§§#####.#
##...#§§§§§§§§§§§§§§.#
#....§§§§§§§§§§§§§§§..
#.##.#§§§§§§5§§§§§§§.#
#.##.#######@§§#######
#.##.# #§§§#
#.##.#######§§§#
#.##.#.....§§§§#
#.......####§§§#
.####..#.#..####§§§#
#..<.....#..#..§§§#§#
...÷.......(...§§§§##
.#####.###........##


You could see Grinder.

Vanquished Creatures
  A howler monkey (D:3)
  A bombardier beetle (D:3)
  An adder (D:2)
  2 dart slugs
  A ribbon worm (D:2)
  6 bats
  5 endoplasms
  5 giant cockroaches
  3 hobgoblins
  14 jackals
  3 quokkas
  8 ball pythons
  4 frilled lizards
  6 goblins
  5 kobolds
  9 rats
74 creatures vanquished.

Notes
Turn   | Place    | Note
-------+----------+-------------------------------------------
     0 | D:1      | Shayle the Coglin Alchemist began the quest for the Orb.
     0 | D:1      | Reached XP level 1. HP: 13/13 MP: 3/3
    90 | D:1      | Reached skill level 1 in Conjurations
   177 | D:1      | Reached XP level 2. HP: 20/20 MP: 0/4
   580 | D:1      | Reached XP level 3. HP: 25/25 MP: 6/6
   704 | D:1      | Reached skill level 1 in Fighting
  1153 | D:2      | Noticed a +0 triple sword
  1153 | D:2      | Noticed a +0 triple sword
  1153 | D:2      | Found Tiewaim's Weapon Shop.
  1440 | D:2      | Found Rilylyxey's Antique Weapon Boutique.
  1489 | D:2      | Found Zadon's Weapon Shop.
  1561 | D:2      | Reached XP level 4. HP: 26/32 MP: 7/7
  1693 | D:2      | Found Pierchea's Antique Weapon Emporium.
  1796 | D:2      | Found Jitod's Armour Shop.
  2008 | D:3      | Noticed Grinder
  2222 | D:3      | Reached skill level 4 in Alchemy
  2222 | D:3      | Reached XP level 5. HP: 27/38 MP: 8/8
  2240 | D:2      | Learned a level 3 spell: Mephitic Cloud
  2343 | D:3      | Paralysed by Grinder for 2 turns
  2425 | D:3      | Paralysed by Grinder for 4 turns
  2431 | D:3      | Paralysed by Grinder for 3 turns
  2433 | D:3      | Slain by Grinder

Illustrated notes

Levels and vault maps discovered:
D:1:      minmay_arrival_shattered_statue, layout_basic
D:2:      layout_loops_ring, serial_shops, shop, nicolae_shop_mannequins, shop,
          nicolae_shop_pleasant_corner_grove, shop
D:3:      layout_loops_cross, nicolae_wu_jian_glorious_leap, serial_shops,
          nicolae_shop_bloodbath_and_beyond, uniq_grinder

Skill      XL: |  1  2  3  4  5 |
---------------+----------------+-----
Conjurations   | 1 2 |  2.1
Dodging        | 2 |  2.7
Spellcasting   | 2 |  2.5
Fighting       | 1 2 |  2.0
Alchemy        | 4 |  4.1
Stealth        | |  1.5

Action                     |  1- 3 |  4- 6 || total
---------------------------+-------+-------++-------
  Melee: Hand axe          |    72 |    59 ||   131
         Mace              |    14 |       ||    14
         Whip              |    55 |    63 ||   118
   Cast: Sting             |    26 |       ||    26
    Use: Scroll            |       |     3 ||     3
   Stab: Sleeping          |     2 |     2 ||     4
 Armour: Robe              |    55 |    51 ||   106
  Dodge: Dodged            |    50 |    61 ||   111

Table legend: (Time is in decaauts)
 A = Elapsed time spent in this place.
 B = Non-inter-level travel time spent in this place.
 C = Inter-level travel time spent in this place.
 D = Time resting spent in this place.
 E = Time spent auto-exploring this place.
 F = Levels seen in this place.
 G = Mean time per level.
                   A        B        C        D        E       F      G
               +--------+--------+--------+--------+--------+-----+--------+
         Total |   2466 |   2366 |    100 |    268 |   1461 |   3 |  822.0 |
       Dungeon |   2466 |   2366 |    100 |    268 |   1461 |   3 |  822.0 |
               +--------+--------+--------+--------+--------+-----+--------+

Top non-repeatable levels by time:
     D:1: 1164 daAuts
     D:2: 1099 daAuts
     D:3: 202 daAuts
